 Dungeon Crawl Stone Soup version 0.27-a0-797-g27d10ad80f (webtiles) character file.

Game seed: 1169306666578348647

308 sahdkjhfkaj the Skirmisher (level 6, -33/55 HPs)
             Began as a Mummy Monk on Mar 27, 2021.
             Was an Initiate of Gozag.
             Killed by an exploding gnoll (43 damage)
             ... ignited by their inner flame
             ... on level 3 of the Dungeon.
             The game lasted 00:02:05 (3308 turns).

sahdkjhfkaj the Skirmisher (Mummy Monk)             Turns: 3308, Time: 00:02:06

Health: -33/55     AC:  6    Str: 16    XL:     6   Next: 17%
Magic:  6/6        EV: 10    Int: 10    God:    Gozag
Gold:   275        SH:  0    Dex: 14    Spells: 5/5 levels left

rFire    x . .     SeeInvis .   a - +0 spear
rCold    + . .     Faith    .   (no shield)
rNeg     + + +     Spirit   .   d - +0 scale mail
rPois    ∞         Reflect  .   (no helmet)
rElec    .         Harm     .   (no cloak)
rCorr    .         Rampage  .   (no gloves)
Will     .....                  (no boots)
Stlth    ..........             (no amulet)
HPRegen  0.18/turn              f - ring of flight
MPRegen  0.10/turn              (no ring)

@: gold aura
A: cold resistance 1, negative energy resistance 3, torment resistance 2,
unbreathing 1, heat vulnerability 1, no potions
a: Renounce Religion, Evoke Flight, Potion Petition, Call Merchant, Bribe Branch


You were on level 3 of the Dungeon.
You worshipped Gozag.
Gozag was aware of your devotion.
You visited 1 branch of the dungeon, and saw 3 of its levels.

You collected 275 gold pieces.

Inventory:

Hand Weapons
 a - a +0 spear (weapon)
 b - a +3 dagger
Armour
 d - a +0 scale mail (worn)
Jewellery
 f - a ring of flight (left hand)
 h - a +6 ring of dexterity
Scrolls
 i - a scroll of noise


   Skills:
 + Level 7.0 Fighting
 - Level 2.4 Polearms
 - Level 2.4 Dodging
 - Level 1.5 Stealth


You had 5 spell levels left.
You didn't know any spells.
Your spell library contained the following spells:

 Spells                   Type           Power      Damage    Failure   Level
 Magic Dart               Conj           0%         1d3       82%         1
 Blink                    Tloc           N/A        N/A       91%         2
 Call Imp                 Summ           0%         N/A       91%         2
 Slow                     Hex            0%         N/A       91%         2
 Conjure Flame            Conj/Fire      0%         6-21      99%         3
 Mephitic Cloud           Conj/Pois/Air  0%         N/A       99%         3


Dungeon Overview and Level Annotations

Branches:
Dungeon (3/15)

Altars:
Fedhas
Gozag
Trog
Vehumet

Shops:
D:2 *

Annotations:
D:3 2 transporters, Sigmund; swinepaste's ghost, weakling DrCj


Innate Abilities, Weirdness & Mutations

You are immune to poison.
Your flesh is cold resistant. (rC+)
You are immune to negative energy. (rN+++)
You are immune to unholy pain and torment.
You can survive without breathing.
You are vulnerable to heat. (rF-)
You do not drink.


Message History

Sigmund barely misses you. The gnoll barely misses you.
Sigmund casts a spell at you. The puff of flame hits you!
The fire burns you terribly!
Sigmund casts a spell at himself.
Sigmund flickers and vanishes!
Deactivating autopickup; reactivate with Ctrl-A.
The gnoll barely misses you.
Found a white potion.
Okay, then.
The gnoll closely misses you. Something hits you. Something hits you!
* * * LOW HITPOINT WARNING * * *
You open the door. The gnoll hits you with a +0 club.
* * * LOW HITPOINT WARNING * * *
Something hits you.
* * * LOW HITPOINT WARNING * * *
Found 16 arrows.
There is an open door here.
The gnoll hits you but does no damage.
A hobgoblin comes into view.
The hobgoblin shouts!
A kobold comes into view.
Found a bloodstained altar of Trog.
A kobold comes into view.
The kobold shouts!
You hear a shout! x2
The hobgoblin throws a stone.
The stone hits you but does no damage.
A goblin and a hobgoblin come into view.
The goblin shouts!
The hobgoblin shouts!
The kobold throws a stone.
The stone hits you but does no damage.
Really read the scroll of immolation?
As you read the scroll of immolation, it crumbles to dust.
The creatures around you are filled with an inner flame!
The gnoll closely misses you.
You hit the gnoll.
The gnoll explodes!
The fiery explosion engulfs you!!! The fire burns you terribly!
Ouch! That really hurt!
You die...
Your body crumbles into a pile of gold.

#. ##.._..## #.
#.≈...≈g##### #.
Kg≈.≈K.#...# #.
.≈.≈g #...###.
###### ≈.≈ ##(..'...
#....###.###....####
#...§.##.##.........
#..@)§.g.........###
#####+#####......# #
............
#########.### .#
#..#### #### #.....#
#.. #.....# #.###
#.....# #.#.#.


You could see a gnoll (inner flame).

Vanquished Creatures
  Grinder (D:3)
  An orc wizard (D:3)
  2 gnolls (D:3)
  2 adders (D:2)
  4 worms
  2 dart slugs
  2 orcs (D:3)
  4 endoplasms
  5 giant cockroaches
  7 goblins
  2 hobgoblins (D:1)
  6 jackals
  A quokka (D:1)
  2 ball pythons
  5 bats
  4 frilled lizards
  3 kobolds
  3 rats
56 creatures vanquished.

Notes
Turn   | Place    | Note
-------+----------+-------------------------------------------
     0 | D:1      | sahdkjhfkaj the Mummy Monk began the quest for the Orb.
     0 | D:1      | Reached XP level 1. HP: 18/18 MP: 1/1
   238 | D:1      | Reached XP level 2. HP: 18/24 MP: 2/2
   612 | D:1      | Reached skill level 4 in Fighting
  1060 | D:2      | Found Gozag's Platinum Reserve.
  1060 | D:2      | Found an opulent altar of Gozag.
  1115 | D:2      | Became a worshipper of Gozag Ym Sagoz the Greedy
  1132 | D:2      | Reached XP level 3. HP: 29/30 MP: 3/3
  1705 | D:2      | Reached XP level 4. HP: 20/38 MP: 4/4
  1839 | D:2      | Reached skill level 5 in Fighting
  1964 | D:2      | Found a blossoming altar of Fedhas.
  2061 | D:2      | Found a radiant altar of Vehumet.
  2180 | D:2      | Found a bloodstained altar of Trog.
  2424 | D:3      | Noticed Grinder
  2452 | D:3      | Killed Grinder
  2453 | D:3      | Reached skill level 6 in Fighting
  2453 | D:3      | Reached XP level 5. HP: 44/47 MP: 5/5
  2639 | D:3      | Reached XP level 6. HP: 7/53 MP: 6/6
  2660 | D:3      | HP: 1/53 [giant cockroach (2)]
  3083 | D:3      | Found a transporter.
  3106 | D:3      | Found a transporter.
  3106 | D:3      | Noticed swinepaste's ghost (weakling DrCj)
  3107 | D:3      | Identified the +6 great mace of Ristrun {vorpal, rElec rF-
                  | Stlth+}
  3261 | D:3      | Reached skill level 7 in Fighting
  3266 | D:3      | Noticed Sigmund
  3300 | D:3      | Found a bloodstained altar of Trog.
  3308 | D:3      | Killed by an exploding gnoll... ignited by their inner
                  | flame

Illustrated notes

Levels and vault maps discovered:
D:1:      psy_arrival_heroes, layout_loops_ring
D:2:      layout_loops_ring, overflow_temple_1_default,
          nicolae_gozag_zags_fifth_avenue, lemuel_doored_altar,
          nicolae_vehumet_altar_sigil, nrook_mini_backslash,
          grunt_decor_mini_mirrors, minmay_cut_off
D:3:      layout_basic, gammafunk_ghost_smash, trog_hazing_becter, uniq_sigmund,
          uniq_grinder

Skill      XL: |  1  2  3  4  5  6 |
---------------+-------------------+-----
Fighting       | 4 6 7 |  7.0
Polearms       | |  2.4
Dodging        | |  2.4
Stealth        | |  1.5

Action                   |  1- 3 |  4- 6 || total
-------------------------+-------+-------++-------
Melee: Spear             |    34 |    21 ||    55
       Dagger            |   119 |    86 ||   205
  Use: Scroll            |       |     5 ||     5
 Stab: Sleeping          |     1 |       ||     1
       Distracted        |     2 |     2 ||     4
Armor: Scale mail        |    64 |    36 ||   100
       Robe              |     1 |       ||     1
Dodge: Dodged            |    77 |    45 ||   122

Table legend: (Time is in decaauts)
 A = Elapsed time spent in this place.
 B = Non-inter-level travel time spent in this place.
 C = Inter-level travel time spent in this place.
 D = Time resting spent in this place.
 E = Time spent auto-exploring this place.
 F = Levels seen in this place.
 G = Mean time per level.
                   A        B        C        D        E       F      G
               +--------+--------+--------+--------+--------+-----+--------+
         Total |   3305 |   3232 |     73 |    298 |   2404 |   3 | 1101.7 |
       Dungeon |   3305 |   3232 |     73 |    298 |   2404 |   3 | 1101.7 |
               +--------+--------+--------+--------+--------+-----+--------+

Top non-repeatable levels by time:
     D:2: 1328 daAuts
     D:1: 1058 daAuts
     D:3: 918 daAuts
